 Dungeon Crawl Stone Soup version 0.22-b1-26-g9dbaab1 (webtiles) character file.

261 MTVSty1e the Chopper (level 5, -1/45 HPs)
             Began as a Draconian Gladiator on Aug 8, 2018.
             Slain by Edmund
             ... wielding a +1 flail of protection
              (5 damage)
             ... on level 4 of the Dungeon.
             The game lasted 00:05:04 (3637 turns).

MTVSty1e the Chopper (Draconian Gladiator)          Turns: 3637, Time: 00:05:05

Health: -1/45      AC:  5    Str: 17      XL:     5   Next: 96%
Magic:  5/5        EV: 12    Int:  7 (8)  God:
Gold:   103        SH:  3    Dex: 12 (13) Spells: 4/4 levels left

rFire    . . .     SeeInvis .   a - +0 war axe
rCold    . . .     Gourm    .   f - +0 buckler
rNeg     . . .     Faith    .   (armour unavailable)
rPois    .         Spirit   .   b - +0 hat
rElec    .         Reflect  .   (no cloak)
rCorr    .         Harm     .   (no gloves)
MR       .....                  (no boots)
Stlth    +.........             (no amulet)
HPRegen  0.15/turn              (no ring)
MPRegen  0.09/turn              (no ring)

@: hasted, drained, very quick
A: unfitting armour, cold-blooded, AC +5
a: no special abilities


You were on level 4 of the Dungeon.
You were not hungry.

You visited 1 branch of the dungeon, and saw 4 of its levels.

You collected 103 gold pieces.

Inventory:

Hand Weapons
 a - a +0 war axe (weapon)
Missiles
 c - 3 throwing nets (quivered)
Armour
 b - a +0 hat (worn)
 f - a +0 buckler (worn)
Jewellery
 e - an uncursed amulet of regeneration {unknown}
 r - a +2 ring of protection {unknown}
Wands
 t - a wand of flame (36)
Scrolls
 i - 6 scrolls of identify {unknown}
 j - 3 scrolls of enchant armour {unknown}
 k - a scroll of remove curse
 n - a scroll of blinking {unknown}
 o - a scroll of immolation {unknown}
 s - 2 scrolls of fog {unknown}
Potions
 m - a potion of might {unknown}
 p - a potion of agility
 q - a potion of cancellation {unknown}
Comestibles
 d - 2 rations


   Skills:
 + Level 3.6(3.4) Fighting
 * Level 6.1(5.9) Axes
 - Level 1.7(1.5) Throwing
 - Level 2.6(2.5) Dodging


You had 4 spell levels left.
You didn't know any spells.
Your spell library was empty.

Dungeon Overview and Level Annotations

Branches:
Dungeon (4/15)
 Temple: D:4-7

Altars:
Elyvilon
Fedhas
Gozag
Ru
Trog
Vehumet
Yredelemnul
The Shining One

Annotations:
D:4 Edmund


Innate Abilities, Weirdness & Mutations

Your plain brown scales are hard. (AC +5)
You cannot fit into any form of body armour.
You are cold-blooded and may be slowed by cold attacks.


Message History

The orc hits you with a mace.
* * * LOW HITPOINT WARNING * * *
You feel yourself speed up. Edmund closely misses you.
The orc hits you from afar with a trident!
* * * LOW HITPOINT WARNING * * *
You hit Edmund but do no damage.
Edmund is moderately wounded.
You hit the orc.
The orc barely misses you. x2; You block Edmund's attack.
You hit Edmund but do no damage.
Edmund is moderately wounded.
You closely miss the orc. The orc hits you with a mace.
* * * LOW HITPOINT WARNING * * *
The orc hits you from afar with a trident.
* * * LOW HITPOINT WARNING * * *
You hit Edmund but do no damage. You tail-slap Edmund, but do no damage.
Edmund is moderately wounded.
You slash the orc!
You kill the orc!
Edmund hits you with a flail of protection.
You die...

.............###.....
.....................
........##...........
.................#...
.........(..........#
...:...รท.$...<....#
......o..........##
.......$.........#
.......)@......#...#
.!.....@......####..#
..............## #.#
...............# #.#
...............# #.##
...............####...##
#................# #..#
##.....##...####.####<#
#..... ##### #..##..#


You could see Edmund and an orc.

Vanquished Creatures
  2 hounds
  Natasha (D:4)
  2 worker ants (D:3)
  3 adders
  A worm (D:2)
  A dart slug (D:2)
  5 leopard geckos
  10 orcs
  13 bats
  8 giant cockroaches
  9 hobgoblins
  8 kobolds
  A quokka (D:2)
  2 ball pythons
  6 frilled lizards
  7 goblins
  11 rats
90 creatures vanquished.

Notes
Turn   | Place    | Note
-------+----------+-------------------------------------------
     0 | D:1      | MTVSty1e the Draconian Gladiator began the quest for the Orb.
     0 | D:1      | Reached XP level 1. HP: 17/17 MP: 1/1
    97 | D:1      | Reached XP level 2. HP: 11/24 MP: 2/2
   397 | D:1      | Reached skill level 4 in Axes
   644 | D:1      | Reached XP level 3. HP: 29/29 MP: 3/3
  1518 | D:2      | Found a faded altar of an unknown god.
  1577 | D:2      | Found a basalt altar of Yredelemnul.
  1580 | D:2      | Found a glowing golden altar of the Shining One.
  1582 | D:2      | Found an opulent altar of Gozag.
  1586 | D:2      | Found a sacrificial altar of Ru.
  1586 | D:2      | Found a blossoming altar of Fedhas.
  1587 | D:2      | Found a bloodstained altar of Trog.
  1590 | D:2      | Found a white marble altar of Elyvilon.
  1593 | D:2      | Found a radiant altar of Vehumet.
  1863 | D:2      | Reached XP level 4. HP: 37/37 MP: 4/4
  1956 | D:3      | Reached skill level 5 in Axes
  2808 | D:3      | Reached XP level 5. HP: 32/44 MP: 5/5
  3103 | D:4      | Noticed Natasha
  3107 | D:4      | Killed Natasha
  3116 | D:4      | Noticed Edmund
  3136 | D:3      | Reached skill level 6 in Axes
  3637 | D:4      | Slain by Edmund

Skill      XL: |  1  2  3  4  5 |
---------------+----------------+-----
Axes           | 4 5 6 |  6.1
Fighting       | 3 |  3.6
Throwing       | |  1.7
Dodging        | |  2.6

Action                   |  1- 3 |  4- 6 || total
-------------------------+-------+-------++-------
Melee: War axe           |   135 |   105 ||   240
       Tailslap          |    13 |     7 ||    20
  Use: Potion            |       |     7 ||     7
       Scroll            |       |     2 ||     2
 Stab: Sleeping          |     1 |     1 ||     2
  Eat: Chunk             |     2 |     1 ||     3
       Ration            |       |     2 ||     2
Armor: Skin              |    61 |    48 ||   109
Dodge: Dodged            |   103 |    83 ||   186
Block: Buckler           |    29 |    22 ||    51
